 Dungeon Crawl Stone Soup version 0.29-a0-845-g6161e89988 (webtiles) character file.

Game seed: 15613256730863462806

156 mathmaestro the Grave Robber (level 5, -2/38 HPs)
             Began as a Demonspawn Necromancer on July 15, 2022.
             Slain by an orc wizard
             ... wielding a +0 dagger
              (3 damage)
             ... on level 5 of the Dungeon.
             The game lasted 00:06:31 (2544 turns).

mathmaestro the Grave Robber (DsNe)                 Turns: 2544, Time: 00:06:31

Health: -2/38      AC:  3    Str:  8    XL:     5   Next: 14%
Magic:  9/9        EV: 12    Int: 19    God:
Gold:   105        SH:  0    Dex: 13    Spells: 1/9 levels left

rFire   . . .      SeeInvis +   l - +0 dagger (speed)
rCold   . . .      Faith    .   (no shield)
rNeg    . . .      Spirit   .   a - +0 robe
rPois   .          Reflect  .   (helmet restricted)
rElec   .          Harm     .   (no cloak)
rCorr   .          Rampage  .   q - +0 pair of gloves
Will    .....                   (no boots)
Stlth   ++........              g - amulet of magic regeneration
HPRegen 0.12/turn               k - ring of see invisible
MPRegen 0.51/turn               (no ring)

@: flying
A: horns 2, powered by death 1
a: no special abilities


You were on level 5 of the Dungeon.
You visited 1 branch of the dungeon, and saw 5 of its levels.

You collected 105 gold pieces.

Inventory:

Hand Weapons
 l - a +0 dagger of speed (weapon)
 x - a +0 hand axe
Missiles
 d - a throwing net (quivered)
 f - 4 javelins
Armour
 a - a +0 robe (worn)
 q - a +0 pair of gloves (worn)
Jewellery
 g - an amulet of magic regeneration (around neck)
 k - a ring of see invisible (left hand)
 w - an amulet of guardian spirit
Wands
 v - a wand of flame (18)
Scrolls
 c - a scroll of enchant armour
 i - a scroll of identify
 m - a scroll of enchant weapon {unknown}
 r - a scroll of blinking {unknown}
 s - a scroll of poison {unknown}
 t - a scroll of summoning {unknown}
 u - a scroll of teleportation {unknown}
Potions
 b - a potion of magic
 e - a potion of flight
 n - a potion of attraction {unknown}
 o - a potion of degeneration {unknown}
 p - a potion of haste {unknown}


   Skills:
 + Level 2.1 Fighting
 + Level 2.0 Armour
 - Level 2.0 Dodging
 - Level 2.0 Stealth
 + Level 2.9 Spellcasting
 + Level 5.1 Necromancy


You had one spell level left.
You knew the following spells:

 Your Spells              Type           Power      Damage    Failure   Level
a - Necrotise             Necr           88%        1d8       1%          1
b - Vampiric Draining     Necr           22%        2d7       5%          3
c - Animate Dead          Necr           22%        N/A       19%         4

Your spell library contained the following spells:

 Spells                   Type           Power      Damage    Failure   Level
 Agony                    Necr           22%        N/A       45%         5


Dungeon Overview and Level Annotations

Branches:
Dungeon (5/15)
 Temple: D:4-7

Altars:


Innate Abilities, Weirdness & Mutations

You have a pair of horns on your head.
You regenerate a little health from kills.


Message History

The orc wizard hits you with a +0 dagger.
The kobold shouts!
Found a bronze ring.
There is a stone staircase leading down here.
The orc wizard gestures at you while chanting.
You are confused.
The orc barely misses you. The orc warrior closely misses you.
The adder bites you.
You climb downwards.
There is a stone staircase leading up here.
Unknown command.
You're too confused to cast spells.
Sorry, you're not good enough to have a special ability.
Unknown command.
You're too confused to cast spells.
You bump into the closed door.
The orc wizard gestures at you while chanting.
The puff of flame hits you! The orc closely misses you.
It was a potion of flight.
You feel very buoyant.
You fly up into the air.
The orc wizard casts a spell at you.
You are more confused.
The orc barely misses you.
It was a potion of curing.
You feel better. The orc hits you with a +0 war axe!
* * * LOW HITPOINT WARNING * * *
The orc wizard barely misses you.
Okay, then.
As you read the scroll labelled BERIEMP DIUST, it crumbles to dust.
It is a scroll of identify.
c - a scroll of enchant armour The orc wizard hits you with a +0 dagger.
* * * LOW HITPOINT WARNING * * *
The orc hits you with a +0 war axe!
* * * LOW HITPOINT WARNING * * *
As you read the scroll labelled ICUNWANOUH, it crumbles to dust.
You hear a loud clanging noise!
It was a scroll of noise.
The orc wizard hits you with a +0 dagger.
You die...

#......#... #.#
#.####.#...#####.#######
#.# #.#...>............
#.# #.#.........#.....
#'####.#................
.......#.......#....#...
......#####....#....#
........)......#+####
................@o#
...............o..#
...<..............#
..................#
..................+
................$.#
..................#
..............:...#
######............#


You could see an orc wizard and an orc.

Vanquished Creatures
  A necrophage (D:4)
  4 adders (D:2)
  A worm (D:4)
  A dart slug (D:4)
  An orc (D:5)
  3 giant cockroaches
  5 goblins
  5 hobgoblins
  3 kobolds
  4 quokkas
  6 ball pythons
  6 bats
  A frilled lizard (D:3)
  5 rats
46 creatures vanquished.

Vanquished Creatures (collateral kills)
  A dart slug (D:3)
  2 endoplasms
  A kobold (D:3)
4 creatures vanquished.

Grand Total: 50 creatures vanquished

Notes
Turn   | Place    | Note
-------+----------+-------------------------------------------
     0 | D:1      | mathmaestro the Demonspawn Necromancer began the quest for
                  | the Orb.
     0 | D:1      | Reached XP level 1. HP: 13/13 MP: 3/3
   436 | D:1      | Gained mutation: You regenerate a little health from kills.
                  | [demonic ancestry]
   436 | D:1      | Reached XP level 2. HP: 20/20 MP: 3/5
  1314 | D:2      | Reached skill level 1 in Fighting
  1331 | D:2      | Gained mutation: You have a pair of small horns on your
                  | head. [demonic ancestry]
  1331 | D:2      | Reached XP level 3. HP: 15/26 MP: 3/6
  1502 | D:2      | Reached skill level 1 in Armour
  1743 | D:2      | Reached XP level 4. HP: 26/32 MP: 5/7
  2128 | D:2      | Learned a level 3 spell: Vampiric Draining
  2133 | D:2      | Learned a level 4 spell: Animate Dead
  2193 | D:3      | You fall into a shaft and drop 1 floor!
  2221 | D:4      | Noticed a necrophage
  2237 | D:4      | Killed a necrophage
  2238 | D:4      | Reached skill level 5 in Necromancy
  2238 | D:4      | Gained mutation: You have a pair of horns on your head.
                  | [demonic ancestry]
  2238 | D:4      | Reached XP level 5. HP: 28/38 MP: 7/9
  2413 | D:4      | Noticed an ogre
  2468 | D:5      | Entered Level 5 of the Dungeon
  2537 | D:4      | Noticed an orc warrior
  2543 | D:5      | HP: 1/38 [orc/+0 war axe (9)]
  2544 | D:5      | Slain by an orc wizard

Illustrated notes

Levels and vault maps discovered:
D:1:      matt_arrival_refuge, layout_loops_corners
D:2:      layout_loops_ring
D:3:      minmay_door_path, layout_loops_ring, serial_bayou,
          serial_bayou_crossing, serial_bayou_shore_b, serial_bayou_pond_e,
          serial_bayou_shore_b, uniq_natasha, uniq_robin
D:4:      minmay_razor_zed, layout_basic, minmay_temple_entry_grid
D:5:      layout_basic, nicolae_ru_sacrificial_ziggurat

Skill      XL: |  1  2  3  4  5 |
---------------+----------------+-----
Stealth        | 2 |  2.0
Dodging        | 2 |  2.0
Fighting       | 1 2 |  2.1
Armour         | 1 2 |  2.0
Necromancy     | 5 |  5.1
Spellcasting   | |  2.9

Action                   |  1- 3 |  4- 6 || total
-------------------------+-------+-------++-------
Melee: Dagger            |    10 |    10 ||    20
       Short sword       |     3 |       ||     3
       Headbutt          |       |     2 ||     2
       Punch             |       |     1 ||     1
Throw: Javelin           |       |     2 ||     2
       Throwing net      |       |     1 ||     1
 Cast: Necrotise         |    65 |    23 ||    88
  Use: Scroll            |       |     2 ||     2
       Potion            |       |     2 ||     2
 Stab: Sleeping          |     1 |       ||     1
Armor: Robe              |     5 |     1 ||     6
Dodge: Dodged            |    23 |    11 ||    34

Table legend: (Time is in decaauts)
 A = Elapsed time spent in this place.
 B = Non-inter-level travel time spent in this place.
 C = Inter-level travel time spent in this place.
 D = Time resting spent in this place.
 E = Time spent auto-exploring this place.
 F = Levels seen in this place.
 G = Mean time per level.
                   A        B        C        D        E       F      G
               +--------+--------+--------+--------+--------+-----+--------+
         Total |   2536 |   2492 |     44 |    380 |   1607 |   5 |  507.2 |
       Dungeon |   2536 |   2492 |     44 |    380 |   1607 |   5 |  507.2 |
               +--------+--------+--------+--------+--------+-----+--------+

Top non-repeatable levels by time:
     D:1: 1204 daAuts
     D:2: 937 daAuts
     D:4: 274 daAuts
     D:5: 74 daAuts
     D:3: 45 daAuts
